 Dungeon Crawl Stone Soup version 0.23-a0-325-gb46b2e5 (webtiles) character file.

308 CurrentUnit the Insei (level 5, -7/51 HPs)
             Began as a Golem Torpor Knight on Jan 13, 2019.
             Was a Follower of Kikubaaqudgha.
             Mangled by a reaper
             ... wielding a +4 scythe of flaming
             ... created by the meddling of Cheibriados
              (21 damage)
             ... on level 3 of the Dungeon on Jan 14, 2019.
             The game lasted 00:06:06 (2576 turns).

CurrentUnit the Insei (Golem Torpor Knight)         Turns: 2576, Time: 00:06:06

Health: -7/51      AC: 10    Str: 20    XL:     5   Next: 94%
Magic:  7/7        EV: 12    Int: 20    God:    Kikubaaqudgha [*.....]
Gold:   239        SH:  0    Dex: 20    Spells: 1/4 levels left

rFire    . . .     SeeInvis .     - Unarmed
rCold    . . .     Gourm    .   (shield unavailable)
rNeg     + + +     Faith    .   (armour unavailable)
rPois    ∞         Spirit   .   (helmet unavailable)
rElec    .         Reflect  .   (cloak unavailable)
rCorr    .         Harm     .   (gloves unavailable)
MR       .....                  (boots unavailable)
Stlth    ++........             (amulet unavailable)
HPRegen  0.17/turn              (ring unavailable)
MPRegen  0.10/turn              (ring unavailable)

@: slowed, very slow
A: large, negative energy resistance 3, torment resistance, unbreathing, rot
immunity, AC +10
a: Receive Corpses, Renounce Religion


You were on level 3 of the Dungeon.
You worshipped Kikubaaqudgha.
Kikubaaqudgha was aware of your devotion.
You were not hungry.

You visited 1 branch of the dungeon, and saw 3 of its levels.

You collected 239 gold pieces.

Inventory:

Wands
 j - a wand of iceblast (5)
Scrolls
 a - 3 scrolls of remove curse
 b - a scroll of immolation {unknown}
 c - a scroll of enchant armour {unknown}
 e - 3 scrolls of magic mapping {unknown}
 i - 2 scrolls of fog {unknown}
 l - a scroll of random uselessness {unknown}
Potions
 d - 2 potions of heal wounds
 f - a potion of agility
 g - a potion of ambrosia
 h - a potion of might {unknown}


   Skills:
 + Level 4.3 Fighting
 + Level 3.3 Dodging
 - Level 0.4 Stealth
 + Level 4.9 Unarmed Combat
 + Level 0.1 Spellcasting
 + Level 0.0 Necromancy
   Level 2.6 Invocations


You had one spell level left.
You knew the following spells:

 Your Spells              Type           Power        Failure   Level  Hunger
a - Vampiric Draining     Necr           #.........   50%         3    N/A

Your spell library contained the following spells:

 Spells                   Type           Power        Failure   Level  Hunger
 Animate Skeleton         Necr           N/A          19%         1    N/A
 Pain                     Necr           #...         19%         1    N/A
 Corpse Rot               Necr           N/A          28%         2    N/A

Dungeon Overview and Level Annotations

Branches:
Dungeon (3/15)

Altars:
Kikubaaqudgha
Trog
Vehumet
Zin


Innate Abilities, Weirdness & Mutations

You cannot use equipment.
You do not eat.
Your clay body is tough. (AC +10)
You are immune to poison.
You are immune to negative energy. (rN+++)
You are immune to unholy pain and torment.
You can survive without breathing.
You are immune to rotting.


Message History

There is a stone staircase leading up here.
Time shudders.
You sense a hostile presence.
The divine experience drains your vigour!
You feel yourself slow down.
A reaper comes into view. It is wielding a scythe of flaming.
You completely miss the reaper. You closely miss the reaper.
The reaper hits you with a scythe of flaming!!
Ouch! That really hurt!
The reaper burns you.
* * * LOW HITPOINT WARNING * * *
You are too injured to fight recklessly!
You are too injured to fight recklessly!
You are too injured to fight recklessly!
You are too injured to fight recklessly!
You are too injured to fight recklessly!
You closely miss the reaper.
The reaper hits you with a scythe of flaming!!
You die...
Kikubaaqudgha rasps: "You have failed me!
Welcome... oblivion!"

#.........#......#### #
#...................# #
#......)............# ####
#...................# #...
#...................####...
#######....##............'..'...
#........................####...
#.####.####.##..2........# ####
#.##.....##.##.@.........# #####
#.#.......#....#.....#######....
##.#.......#....#>...............
#......_........#############....
#..#.......#÷.(.# #......
#..#.......#.+### #......
#..##.....##..# #......
#..####.####..# #......
#...).........# #......


You could see a reaper.

Vanquished Creatures
  2 orc priests (D:3)
  2 orc wizards (D:3)
  Natasha (thrice) (D:2)
  2 adders (D:2)
  An ooze (D:1)
  A worm (D:3)
  2 dart slugs
  6 leopard geckos
  8 orcs (D:3)
  5 ball pythons
  3 bats
  4 giant cockroaches
  7 goblins
  9 hobgoblins
  6 quokkas
  5 frilled lizards
  9 kobolds
  6 rats
81 creatures vanquished.

Notes
Turn   | Place    | Note
-------+----------+-------------------------------------------
     0 | D:1      | CurrentUnit the Golem Torpor Knight began the quest for the
                  | Orb.
     0 | D:1      | Reached XP level 1. HP: 21/21 MP: 2/2
   197 | D:1      | Reached XP level 2. HP: 28/28 MP: 3/3
   485 | D:1      | Reached ** piety under Cheibriados
   590 | D:1      | Reached XP level 3. HP: 30/34 MP: 4/4
   829 | D:2      | Noticed Natasha
   837 | D:2      | Killed Natasha
   872 | D:2      | Found a radiant altar of Vehumet.
   958 | D:2      | Noticed Natasha
   967 | D:2      | Killed Natasha
   967 | D:2      | Reached XP level 4. HP: 37/44 MP: 5/5
  1039 | D:2      | Noticed Natasha
  1050 | D:2      | Killed Natasha
  1500 | D:3      | Found an ancient bone altar of Kikubaaqudgha.
  1519 | D:3      | Reached *** piety under Cheibriados
  1519 | D:3      | Reached XP level 5. HP: 28/50 MP: 6/6
  1765 | D:3      | Fell from the grace of Cheibriados
  1765 | D:3      | Became a worshipper of Kikubaaqudgha
  1959 | D:3      | Found a glowing silver altar of Zin.
  2300 | D:3      | Reached * piety under Kikubaaqudgha
  2300 | D:3      | Identified Kikubaaqudgha's Almanac of Necromancy
                  | (Kikubaaqudgha gifted it to you on level 3 of the Dungeon)
  2300 | D:3      | Received a gift from Kikubaaqudgha
  2308 | D:3      | Learned a level 3 spell: Vampiric Draining
  2326 | D:3      | Found a bloodstained altar of Trog.
  2574 | D:3      | Noticed a reaper
  2576 | D:3      | Mangled by a reaper

Vault maps used:
D:1:      dpeg_arrival_boxorama, minivault_14
D:2:      vehumet_crystals, serial_bayou_pond_b, uniq_natasha
D:3:      old_standard_altar, lemuel_doored_altar,
          nicolae_overflow_crystal_walls

Skill      XL: |  1  2  3  4 |
---------------+-------------+-----
Unarmed Combat | 3 4 |  4.9
Fighting       | 4 |  4.3
Dodging        | 3 |  3.3
Stealth        | |  0.4
Spellcasting   | |  0.1
Invocations    | |  2.6

Action                   |  1- 3 |  4- 6 || total
-------------------------+-------+-------++-------
Melee: Unarmed           |    97 |   178 ||   275
       Punch             |     3 |    12 ||    15
  Use: Scroll            |       |     5 ||     5
 Stab: Sleeping          |     2 |     5 ||     7
Armor: Skin              |    37 |    81 ||   118
Dodge: Dodged            |    51 |   112 ||   163

Table legend:
 A = Non-vault XP
 B = Vault XP
 C = Vault XP percentage of total XP
 D = Non-vault monster count
 E = Vault monster count
 F = Vault count percentage of total count
                 A         B        C        D         E       F
            +---------+---------+-------+---------+---------+-------
      Total |     389 |      52 |  11.8 |      77 |       4 |   4.9
            +---------+---------+-------+---------+---------+-------
        D:1 |      54 |       0 |   0.0 |      23 |       0 |   0.0
        D:2 |     105 |      52 |  33.1 |      16 |       4 |  20.0
        D:3 |     230 |       0 |   0.0 |      38 |       0 |   0.0
            +---------+---------+-------+---------+---------+-------
